 Dungeon Crawl Stone Soup version 0.31-a0-692-gf03d1854d5 (webtiles) character file.

Game seed: 1340846941311501383

17015 qw the Marksgargoyle (level 12, -1/77 HPs)
             Began as a Gargoyle Hunter on Sept 6, 2023.
             Was a Priest of Okawaru.
             Slain by a spectral black mamba (8 damage)
             ... called from beyond by a ghost crab
             ... on level 3 of the Lair of Beasts.
             The game lasted 00:04:41 (9665 turns).

qw the Marksgargoyle (Gargoyle Hunter)              Turns: 9665, Time: 00:04:42

Health: -1/77      AC: 25    Str: 22    XL:     12   Next: 43%
Magic:  14/15      EV: 17    Int: 10    God:    Okawaru [***...]
Gold:   659        SH:  0    Dex: 17    Spells: 11/11 levels left

rFire   . . .        Y - +1 orcbow
rCold   . . .        (shield currently unavailable)
rNeg    + . .        q - +3 ring mail
rPois   inf          d - +1 helmet
rElec   +            (no cloak)
rCorr   .            r - +2 pair of gloves
SInv    .            (no boots)
Will    .....        p - amulet of the acrobat
Stlth   +++          g - +4 ring of slaying {mikee}
HPRegen 0.32/turn    m - +6 ring of strength
MPRegen 0.14/turn

%: acrobat
@: about to teleport, heroic
A: sickness immunity, AC +8, negative energy resistance 1, electricity
resistance, torment resistance 1, petrification resistance
a: Renounce Religion, Heroism


You were on level 3 of the Lair of Beasts.
You worshipped Okawaru.
Okawaru was most pleased with you.
You visited 3 branches of the dungeon, and saw 12 of its levels.

You collected 659 gold pieces.


Innate Abilities, Weirdness & Mutations

You are immune to sickness and miasma.
Your stone body is resilient. (AC +8)
You are immune to poison.
You resist negative energy. (rN+)
You are resistant to electric shocks. (rElec)
You are resistant to unholy torment.
You are immune to petrification.


   Skills:
 + Level 10.0(15.0) Fighting
 - Level 16.0(21.0) Ranged Weapons
 - Level 5.3(10.3) Armour
 - Level 5.2(10.2) Dodging
 - Level 1.1(6.1) Stealth
 - Level 4.3 Invocations


You had 11 spell levels left.
You didn't know any spells.
Your spell library was empty.

Inventory:

Hand Weapons
 Y - a +1 orcbow (weapon)
Armour
 d - a +1 helmet (worn)
 q - a +3 ring mail (worn)
 r - a +2 pair of gloves (worn)
Jewellery
 f - a ring of protection from cold
 g - a +4 ring of slaying (left hand) {mikee}
 j - a ring of ice
 m - a +6 ring of strength (right hand)
 p - an amulet of the acrobat (around neck)
Wands
 a - a wand of digging (5)
Scrolls
 b - 2 scrolls of identify
Potions
 c - 2 potions of resistance
 h - a potion of heal wounds
 i - 4 potions of enlightenment
 k - a potion of experience {unknown}
 l - a potion of mutation {unknown}
 n - a potion of invisibility {unknown}
 o - 3 potions of curing

Dungeon Overview and Level Annotations

Branches:
Dungeon (8/15)             Temple (1/1) D:5            Lair (3/5) D:8
  Swamp (0/4) Lair:3        Snake (0/4) Lair:2

Altars:
Ashenzari
Cheibriados
Dithmenos
Elyvilon
Fedhas
Gozag
Hepliaklqana
Kikubaaqudgha
Makhleb
Okawaru
Qazlal
Ru
Trog
Vehumet
Wu Jian
Xom
Yredelemnul
Zin
The Shining One

Shops:
D:2 :

Annotations:
D:5 2 transporters, qw's ghost, novice GrHs
D:7 1 runed translucent door, exclusion: gnoll, Crazy Yiuf
D:8 3 runed translucent doors, qw's ghost, novice DEHu


Message History

Enter note:
Enter note:
Enter note:
Enter note:
Enter note:
Enter note:
Enter note: You shoot an arrow.
The arrow hits the spectral rime drake.
The spectral rime drake is lightly damaged.
You are engulfed in spectral mist.
The spectral rime drake bites you but does no damage.
The spectral komodo dragon bites you but does no damage.
The ghost crab breathes spectral mist at you.
The spectral mist engulfs the spectral rime drake but does no damage.
The spectral rime drake bites you but does no damage.
9662 |||
Found retreat position at 7,2 (floor) with 0 blocking monsters and 1 monsters attacking at destination at distance 7 You shoot an arrow.
The arrow hits the spectral rime drake.
The spectral rime drake is lightly damaged.
You are engulfed in spectral mist.
The spectral rime drake misses you. The spectral komodo dragon bites you.
The spectral torpor snail completely misses you.
The ghost crab breathes spectral mist at you.
The spectral mist engulfs the spectral rime drake but does no damage.
9663 |||
Found retreat position at 7,2 (floor) with 0 blocking monsters and 1 monsters attacking at destination at distance 7 You shoot an arrow.
The arrow hits the spectral rime drake.
The spectral rime drake is moderately damaged.
You are engulfed in spectral mist.
The spectral komodo dragon fades away!
The spectral rime drake bites you but does no damage. x2
9664 |||
Found retreat position at 7,2 (floor) with 0 blocking monsters and 1 monsters attacking at destination at distance 7 You shoot an arrow.
The arrow hits the spectral rime drake.
The spectral rime drake is moderately damaged.
You are engulfed in spectral mist.
The spectral rime drake fades away!
The spectral rime drake misses you.
The spectral torpor snail bites you but does no damage.
9665 |||
Found retreat position at 7,2 (floor) with 0 blocking monsters and 1 monsters attacking at destination at distance 7
9665 ||| READING scroll of teleportation.
As you read the scroll of teleportation, it crumbles to dust.
You feel strangely unstable.
You are engulfed in spectral mist.
The spectral black mamba bites you!
You die...

...........#77...077#............
..........##7¤..00.7##...........
..........# 7.¤70Z.7 #...........
....###P#P# 7~7 70.7 ###.........
....# ##### 7.7777.7 #.....##.#
....#####P# 7...7..7 ##......###
....#.#...##7..00tZ7###......#.##
.....#....P#770Z0Z77#....?...##..
....##......77~0@077..##......##.
....P##...#7#7.0Z07....#.......#.
....P#.##.# #.(¤¤¤¤.#.#......####
.....########.Z#..¤.###P......###
.....##P#.##.................##.#
...............}..........:......
.................................
.................................
.................................


You could see a ghost crab, a spectral black mamba (summoned), a spectral
anaconda (summoned), a spectral blink frog (summoned), a spectral rime drake
(summoned) and a spectral torpor snail (summoned).

Vanquished Creatures
  A two-headed ogre (D:8)
  A catoblepas (Lair:3)
  A spectral hydra (Lair:3)
  4 elephants (Lair:1)
  A torpor snail (Lair:3)
  2 black mambas (Lair:1)
  4 komodo dragons
  7 cane toads
  2 rime drakes
  A polar bear (Lair:3)
  2 trolls
  5 blink frogs (Lair:1)
  12 yaks
  3 basilisks (Lair:1)
  A wraith (D:8)
  A steam dragon (D:8)
  Edmund (D:5)
  6 water moccasins
  An ice beast (D:7)
  2 sky beasts
  An orc warrior (D:7)
  5 black bears
  3 ogres
  12 wolves
  2 centaurs
  A kobold brigand (D:8)
  4 bullfrogs
  2 scorpions
  7 wights (D:8)
  3 killer bees (D:7)
  4 howler monkeys
  4 electric eels
  4 lava snakes (Lair:2)
  13 hounds
  A quasit (D:8)
  3 orc priests
  3 jellies (D:6)
  2 gnoll boudas
  3 sleepcaps
  An iguana (D:5)
  6 orc wizards
  12 gnolls
  6 adders
  8 shadow imps
  3 white imps
  6 ufetubi
  A worm (D:4)
  A dart slug (D:2)
  18 orcs
  7 endoplasms
  5 giant cockroaches
  6 goblins
  8 hobgoblins
  11 kobolds
  6 quokkas
  7 ball pythons
  3 bats
  4 frilled lizards
  6 rats
260 creatures vanquished.

Vanquished Creatures (others)
  A black bear (D:5)
1 creature vanquished.

Grand Total: 261 creatures vanquished

Notes
Turn   | Place    | Note
-------+----------+-------------------------------------------
     0 | D:1      | qw the Gargoyle Hunter began the quest for the Orb.
     0 | D:1      | Reached XP level 1. HP: 12/12 MP: 1/1
     0 | D:1      | 0 ||| qw: Version: 0.3-a-76-g4403597
     0 | D:1      | 0 ||| qw: Game counter: 169
     0 | D:1      | 0 ||| qw: Melee chars always use a shield: true
     0 | D:1      | 0 ||| qw: God list: Okawaru
     0 | D:1      | 0 ||| qw: Allow faded altars: false
     0 | D:1      | 0 ||| qw: Do Orc after clearing Dungeon:15 true
     0 | D:1      | 0 ||| qw: Do second Lair branch before Depths: true
     0 | D:1      | 0 ||| qw: Lair rune preference: random
     0 | D:1      | 0 ||| qw: Goals: Normal
     0 | D:1      | 0 ||| PLANNING D:1-11
    69 | D:1      | 69 ||| Stepping ~*~*~tactically~*~*~ (retreating).
    81 | D:1      | Reached XP level 2. HP: 17/17 MP: 2/2
   414 | D:1      | Reached XP level 3. HP: 21/21 MP: 3/3
   537 | D:1      | Reached skill level 5 in Ranged Weapons
   687 | D:1      | 687 ||| UPGRADING to +1 helmet.
   692 | D:1      | 692 ||| UPGRADING to +0 ring mail.
   702 | D:1      | 702 ||| DROPPING +0 leather armour.
   703 | D:1      | 703 ||| UPGRADING to +2 leather armour of poison
                  | resistance.
   713 | D:1      | 713 ||| DROPPING +0 ring mail.
   714 | D:1      | 714 ||| UPGRADING to +4 ring of slaying {mikee}.
   715 | D:1      | 715 ||| READING scroll labelled CIBAELIUVO.
   716 | D:1      | 716 ||| READING scroll labelled ENNOGI AWIUG.
   717 | D:1      | 717 ||| DRINKING 3 puce potions.
   718 | D:1      | 718 ||| DROPPING scroll of butterflies.
   822 | D:2      | Found Taenighel's Book Emporium.
  1542 | D:2      | 1542 ||| DROPPING ring of wizardry.
  1543 | D:2      | 1543 ||| READING 3 scrolls labelled URCHARO ROGOE.
  1544 | D:2      | 1544 ||| DRINKING 2 sedimented clear potions.
  1545 | D:2      | 1545 ||| DROPPING 2 scrolls of fear.
  1593 | D:3      | Reached skill level 3 in Fighting
  1638 | D:3      | Found a broken altar of Ashenzari.
  1668 | D:3      | Reached XP level 4. HP: 28/28 MP: 4/4
  1742 | D:3      | 1742 ||| READING scroll labelled ZASEOF KEINA.
  1797 | D:3      | Found a blossoming altar of Fedhas.
  1887 | D:3      | Found a sacrificial altar of Ru.
  1962 | D:3      | Reached XP level 5. HP: 30/32 MP: 5/5
  1969 | D:3      | Reached skill level 6 in Ranged Weapons
  2032 | D:3      | 2032 ||| READING scroll labelled GOLUAMO TUASIU.
  2033 | D:3      | 2033 ||| READING 2 scrolls labelled GAABOK TAUH.
  2034 | D:3      | 2034 ||| READING scroll of enchant weapon.
  2034 | D:3      | 2034 ||| ENCHANTING +1 shortbow.
  2035 | D:3      | 2035 ||| DRINKING 2 bubbling yellow potions.
  2036 | D:3      | 2036 ||| DROPPING potion of brilliance.
  2064 | D:4      | Noticed a black bear
  2067 | D:4      | Killed a black bear
  2068 | D:4      | Reached skill level 3 in Armour
  2068 | D:4      | Reached XP level 6. HP: 37/37 MP: 6/6
  2171 | D:4      | 2171 ||| RETREATING.
  2173 | D:4      | 2173 ||| Stepping ~*~*~tactically~*~*~ (retreating).
  2174 | D:4      | 2174 ||| Stepping ~*~*~tactically~*~*~ (retreating).
  2175 | D:4      | 2175 ||| Stepping ~*~*~tactically~*~*~ (retreating).
  2176 | D:4      | 2176 ||| Stepping ~*~*~tactically~*~*~ (retreating).
  2249 | D:4      | 2249 ||| READING scroll of enchant weapon.
  2249 | D:4      | 2249 ||| ENCHANTING +2 shortbow.
  2269 | D:4      | Reached XP level 7. HP: 36/43 MP: 7/7
  2398 | D:4      | Reached skill level 7 in Ranged Weapons
  2504 | D:4      | Found a radiant altar of Vehumet.
  2521 | D:4      | 2521 ||| UPGRADING to +6 ring of strength.
  2522 | D:4      | 2522 ||| READING scroll labelled BASTOCV VI WEU.
  2538 | D:5      | Entered Level 5 of the Dungeon
  2544 | D:5      | Noticed a troll
  2552 | D:5      | Killed a troll
  2553 | D:5      | Reached skill level 8 in Ranged Weapons
  2553 | D:5      | Reached XP level 8. HP: 34/48 MP: 8/8
  2554 | D:5      | 2554 ||| FLEEEEING.
  2555 | D:5      | 2555 ||| FLEEEEING.
  2556 | D:5      | 2556 ||| STAIRDANCE
  2635 | D:5      | 2635 ||| RETREATING.
  2669 | D:5      | HP: 10/50 [shadow imp/nerve-wracking pain (4)]
  2670 | D:5      | Reached skill level 9 in Ranged Weapons
  2670 | D:5      | 2670 ||| READING scroll of teleportation.
  2673 | D:5      | 2673 ||| FLEEEEING.
  2805 | D:5      | Reached skill level 6 in Fighting
  2837 | D:5      | Found a shimmering altar of Xom.
  2850 | D:5      | 2850 ||| READING scroll of enchant weapon.
  2850 | D:5      | 2850 ||| ENCHANTING +3 shortbow.
  2887 | D:5      | 2887 ||| SWAPPING to +0 orcbow.
  2892 | D:5      | 2892 ||| DROPPING +4 shortbow.
  2904 | D:5      | Found a transporter.
  2909 | D:5      | Noticed qw's ghost (novice GrHs)
  2959 | D:5      | Found a transporter.
  2988 | D:5      | Noticed Edmund
  2998 | D:5      | Killed Edmund
  2999 | D:5      | Reached skill level 10 in Ranged Weapons
  3006 | D:5      | Found a staircase to the Ecumenical Temple.
  3008 | D:5      | 3008 ||| PLANNING TEMPLE
  3008 | D:5      | 3008 ||| UPGRADING to +3 ring mail.
  3018 | D:5      | 3018 ||| DROPPING +2 leather armour of poison resistance.
  3019 | D:5      | 3019 ||| DRINKING 2 fuming black potions.
  3025 | Temple   | Entered the Ecumenical Temple
  3026 | Temple   | 3026 ||| PLANNING OKAWARU WORSHIP
  3034 | Temple   | Became a worshipper of Warmaster Okawaru
  3035 | Temple   | 3035 ||| PLANNING D:1-11
  3160 | D:6      | Reached XP level 9. HP: 56/56 MP: 9/9
  3183 | D:6      | Found a glowing golden altar of the Shining One.
  3220 | D:6      | Reached skill level 3 in Dodging
  3384 | D:6      | 3384 ||| RETREATING.
  3531 | D:6      | 3531 ||| READING scroll labelled XYSAFA WOBI.
  3572 | D:6      | 3572 ||| READING scroll labelled URYNIL FOYCSA.
  3638 | D:7      | 3638 ||| Stepping ~*~*~tactically~*~*~ (outnumbered).
  3646 | D:7      | Reached * piety under Okawaru
  3711 | D:7      | 3711 ||| Stepping ~*~*~tactically~*~*~ (retreating).
  3716 | D:7      | 3716 ||| INVOKING Heroism.
  3729 | D:7      | 3729 ||| FLEEEEING.
  3730 | D:7      | 3730 ||| FLEEEEING.
  3731 | D:7      | 3731 ||| FLEEEEING.
  3732 | D:7      | 3732 ||| FLEEEEING.
  3733 | D:7      | 3733 ||| FLEEEEING.
  3734 | D:7      | 3734 ||| FLEEEEING.
  3803 | D:7      | 3803 ||| INVOKING Heroism.
  3820 | D:7      | Reached skill level 11 in Ranged Weapons
  3850 | D:7      | Found a runed translucent door.
  3851 | D:7      | Noticed Crazy Yiuf
  3926 | D:7      | 3926 ||| Stepping ~*~*~tactically~*~*~ (outnumbered).
  3928 | D:7      | 3928 ||| RETREATING.
  3930 | D:7      | 3930 ||| Stepping ~*~*~tactically~*~*~ (outnumbered).
  3955 | D:7      | 3955 ||| INVOKING Heroism.
  4071 | D:7      | Found a hazy altar of Hepliaklqana.
  4071 | D:7      | Found an ornate altar of the Wu Jian Council.
  4120 | D:7      | 4120 ||| RETREATING.
  4122 | D:7      | 4122 ||| RETREATING.
  4164 | D:7      | Reached skill level 1 in Invocations
  4282 | D:7      | 4282 ||| UPGRADING to +0 pair of gloves.
  4631 | D:7      | 4631 ||| READING scroll labelled RYWKAKHLACH.
  4632 | D:7      | 4632 ||| READING scroll labelled OVIMERH VEJIME.
  4633 | D:7      | 4633 ||| DRINKING 2 clear potions.
  4634 | D:7      | 4634 ||| READING 2 scrolls of identify.
  4634 | D:7      | 4634 ||| IDENTIFYING purple potion
  4635 | D:7      | 4635 ||| DROPPING potion of attraction.
  4699 | D:8      | 4699 ||| INVOKING Heroism.
  4703 | D:8      | 4703 ||| Stepping ~*~*~tactically~*~*~ (outnumbered).
  4721 | D:8      | 4721 ||| INVOKING Heroism.
  4765 | D:8      | 4765 ||| Stepping ~*~*~tactically~*~*~ (cloud).
  4769 | D:8      | Reached XP level 10. HP: 64/64 MP: 11/11
  4794 | D:8      | Noticed a two-headed ogre
  4795 | D:8      | 4795 ||| RETREATING.
  4799 | D:8      | 4799 ||| INVOKING Heroism.
  4800 | D:8      | 4800 ||| Stepping ~*~*~tactically~*~*~ (retreating).
  4813 | D:8      | HP: 12/64 [two-headed ogre/+0 dire flail (10)]
  4814 | D:8      | 4814 ||| READING scroll of teleportation.
  4815 | D:8      | 4815 ||| DRINKING 4 potions of heal wounds.
  4816 | D:8      | Killed a two-headed ogre
  4817 | D:8      | Reached skill level 12 in Ranged Weapons
  4817 | D:8      | 4817 ||| INVOKING Heroism.
  5224 | D:8      | Found a runed translucent gate.
  5224 | D:8      | Found a runed translucent gate.
  5224 | D:8      | Found a runed translucent gate.
  5227 | D:8      | Noticed qw's ghost (novice DEHu)
  5230 | D:8      | 5230 ||| READING scroll of enchant armour.
  5230 | D:8      | 5230 ||| ENCHANTING +0 pair of gloves.
  5249 | D:8      | 5249 ||| FLEEEEING.
  5250 | D:8      | 5250 ||| FLEEEEING.
  5251 | D:8      | 5251 ||| FLEEEEING.
  5263 | D:8      | Reached skill level 3 in Invocations
  5375 | D:8      | Found a staircase to the Lair.
  5445 | D:8      | 5445 ||| RETREATING.
  5449 | D:8      | 5449 ||| Stepping ~*~*~tactically~*~*~ (retreating).
  5529 | D:8      | 5529 ||| INVOKING Heroism.
  5679 | D:8      | 5679 ||| Stepping ~*~*~tactically~*~*~ (retreating).
  5680 | D:8      | 5680 ||| INVOKING Heroism.
  5834 | D:8      | Found a shadowy altar of Dithmenos.
  5907 | D:8      | 5907 ||| PLANNING LAIR
  5935 | Lair:1   | Entered Level 1 of the Lair of Beasts
  5957 | Lair:1   | 5957 ||| INVOKING Heroism.
  5961 | Lair:1   | Reached skill level 13 in Ranged Weapons
  6063 | Lair:1   | Noticed a cane toad
  6064 | Lair:1   | 6064 ||| INVOKING Heroism.
  6067 | Lair:1   | 6067 ||| RETREATING.
  6070 | Lair:1   | Killed a cane toad
  6174 | Lair:1   | Noticed an elephant
  6174 | Lair:1   | Noticed an elephant
  6174 | Lair:1   | Noticed an elephant
  6175 | Lair:1   | 6175 ||| RETREATING.
  6195 | Lair:1   | 6195 ||| Stepping ~*~*~tactically~*~*~ (retreating).
  6196 | Lair:1   | 6196 ||| Stepping ~*~*~tactically~*~*~ (retreating).
  6197 | Lair:1   | 6197 ||| Stepping ~*~*~tactically~*~*~ (retreating).
  6198 | Lair:1   | 6198 ||| Stepping ~*~*~tactically~*~*~ (retreating).
  6203 | Lair:1   | 6203 ||| Stepping ~*~*~tactically~*~*~ (retreating).
  6204 | Lair:1   | 6204 ||| Stepping ~*~*~tactically~*~*~ (retreating).
  6205 | Lair:1   | 6205 ||| Stepping ~*~*~tactically~*~*~ (retreating).
  6206 | Lair:1   | 6206 ||| Stepping ~*~*~tactically~*~*~ (retreating).
  6207 | Lair:1   | 6207 ||| Stepping ~*~*~tactically~*~*~ (retreating).
  6208 | Lair:1   | 6208 ||| Stepping ~*~*~tactically~*~*~ (retreating).
  6209 | Lair:1   | 6209 ||| INVOKING Heroism.
  6214 | Lair:1   | Killed an elephant
  6226 | Lair:1   | Killed an elephant
  6226 | Lair:1   | Reached ** piety under Okawaru
  6227 | Lair:1   | Reached skill level 9 in Fighting
  6227 | Lair:1   | Reached XP level 11. HP: 36/71 MP: 12/14
  6354 | Lair:1   | 6354 ||| INVOKING Heroism.
  6538 | Lair:1   | 6538 ||| INVOKING Heroism.
  6548 | Lair:1   | 6548 ||| Stepping ~*~*~tactically~*~*~ (retreating).
  6595 | Lair:1   | 6595 ||| RETREATING.
  6597 | Lair:1   | 6597 ||| RETREATING.
  6599 | Lair:1   | 6599 ||| Stepping ~*~*~tactically~*~*~ (retreating).
  6605 | Lair:1   | 6605 ||| Stepping ~*~*~tactically~*~*~ (retreating).
  6619 | Lair:1   | Reached *** piety under Okawaru
  6634 | Lair:1   | Reached skill level 14 in Ranged Weapons
  6649 | Lair:1   | 6649 ||| INVOKING Heroism.
  6826 | Lair:1   | 6826 ||| INVOKING Heroism.
  6967 | Lair:1   | 6967 ||| INVOKING Heroism.
  7126 | Lair:1   | 7126 ||| INVOKING Heroism.
  7130 | Lair:1   | 7130 ||| RETREATING.
  7134 | Lair:1   | 7134 ||| Stepping ~*~*~tactically~*~*~ (retreating).
  7148 | Lair:1   | 7148 ||| INVOKING Heroism.
  7173 | Lair:1   | 7173 ||| READING scroll of enchant armour.
  7173 | Lair:1   | 7173 ||| ENCHANTING +1 pair of gloves.
  7189 | Lair:1   | 7189 ||| INVOKING Heroism.
  7320 | Lair:1   | 7320 ||| INVOKING Heroism.
  7329 | Lair:1   | Received a gift from Okawaru
  7378 | Lair:1   | 7378 ||| READING 2 scrolls of identify.
  7378 | Lair:1   | 7378 ||| IDENTIFYING dark potion
  7379 | Lair:1   | 7379 ||| DROPPING potion of berserk rage.
  7416 | Lair:2   | Reached skill level 15 in Ranged Weapons
  7459 | Lair:2   | 7459 ||| INVOKING Heroism.
  7518 | Lair:2   | 7518 ||| READING scroll of enchant weapon.
  7518 | Lair:2   | 7518 ||| ENCHANTING +0 orcbow.
  7538 | Lair:2   | 7538 ||| INVOKING Heroism.
  7573 | Lair:2   | 7573 ||| INVOKING Heroism.
  7580 | Lair:2   | Reached XP level 12. HP: 77/77 MP: 12/15
  7610 | Lair:2   | Found a staircase to the Snake Pit.
  7624 | Lair:2   | 7624 ||| INVOKING Heroism.
  7635 | Lair:2   | HP: 19/77 [komodo dragon (7)]
  7636 | Lair:2   | 7636 ||| READING 2 scrolls of teleportation.
  7637 | Lair:2   | 7637 ||| DRINKING 4 potions of heal wounds.
  7928 | Lair:2   | 7928 ||| FLEEEEING.
  8310 | Lair:2   | 8310 ||| DROPPING amulet of magic regeneration.
  8311 | Lair:2   | 8311 ||| UPGRADING to amulet of the acrobat.
  8467 | Lair:3   | 8467 ||| INVOKING Heroism.
  8474 | Lair:3   | 8474 ||| Stepping ~*~*~tactically~*~*~ (retreating).
  8481 | Lair:3   | 8481 ||| FLEEEEING.
  8485 | Lair:3   | 8485 ||| FLEEEEING.
  8486 | Lair:3   | 8486 ||| FLEEEEING.
  8487 | Lair:3   | 8487 ||| FLEEEEING.
  8488 | Lair:3   | 8488 ||| FLEEEEING.
  8489 | Lair:3   | 8489 ||| FLEEEEING.
  8490 | Lair:3   | 8490 ||| INVOKING Heroism.
  8527 | Lair:3   | Noticed a catoblepas
  8528 | Lair:3   | 8528 ||| RETREATING.
  8530 | Lair:3   | 8530 ||| INVOKING Heroism.
  8550 | Lair:3   | 8550 ||| INVOKING Heroism.
  8557 | Lair:3   | Killed a catoblepas
  8701 | Lair:3   | 8701 ||| INVOKING Heroism.
  8719 | Lair:3   | 8719 ||| INVOKING Heroism.
  8768 | Lair:3   | Reached skill level 16 in Ranged Weapons
  9255 | Lair:3   | 9255 ||| INVOKING Heroism.
  9263 | Lair:3   | Received a gift from Okawaru
  9368 | Lair:3   | Found a staircase to the Swamp.
  9368 | Lair:3   | Noticed a ghost crab
  9375 | Lair:3   | 9375 ||| INVOKING Heroism.
  9379 | Lair:3   | 9379 ||| Stepping ~*~*~tactically~*~*~ (outnumbered).
  9382 | Lair:3   | 9382 ||| Stepping ~*~*~tactically~*~*~ (retreating).
  9383 | Lair:3   | 9383 ||| Stepping ~*~*~tactically~*~*~ (retreating).
  9387 | Lair:3   | 9387 ||| Stepping ~*~*~tactically~*~*~ (retreating).
  9388 | Lair:3   | 9388 ||| Stepping ~*~*~tactically~*~*~ (retreating).
  9393 | Lair:3   | HP: 18/77 [spectral alligator snapping turtle[a ghost crab]
                  | (7)]
  9394 | Lair:3   | 9394 ||| READING 2 scrolls of teleportation.
  9394 | Lair:3   | HP: 8/77 [ghost crab] (10)]
  9395 | Lair:3   | 9395 ||| DRINKING 3 potions of heal wounds.
  9396 | Lair:3   | 9396 ||| DRINKING 2 potions of heal wounds.
  9658 | Lair:3   | 9658 ||| INVOKING Heroism.
  9660 | Lair:3   | 9660 ||| Stepping ~*~*~tactically~*~*~ (retreating).
  9664 | Lair:3   | HP: 16/77 [ghost crab] (6)]
  9665 | Lair:3   | 9665 ||| READING scroll of teleportation.
  9665 | Lair:3   | HP: 7/77 [ghost crab] (9)]
  9665 | Lair:3   | Slain by a spectral black mamba

Levels and vault maps discovered:
D:1:      lightli_arrival_chessboard, layout_basic, minivault_19,
          minmay_hexomino_c4
D:2:      layout_basic, shapermc_ecumenical_altar_mp_urbaneastern, serial_shops,
          nicolae_shop_back_alley_shop
D:3:      layout_rooms, fedhas_altar_1, nicolae_ashenzari_panopticon,
          nicolae_ru_great_annihilating_truth
D:4:      layout_rooms, fiery_altar_vehumet
D:5:      layout_rooms, xom_confusion_cloud, minmay_temple_entry_offerings,
          gammafunk_ghost_mausoleum, st_stairs_4, uniq_edmund
D:6:      layout_basic, lemuel_round_altar
D:7:      layout_loops_ring, mainiacjoe_overflow_divided_tiny,
          uniq_crazy_yiuf_cottage
D:8:      layout_loops_ring, lemuel_coloured_pillars_altar, erik_lair_island,
          gammafunk_ghost_spectres, serial_demonic, serial_demonic_g,
          serial_demonic_d, serial_demonic_f, serial_demonic_a
Temple:   nicolae_temple_ecumenical_triangle
Lair:1:   layout_misc_corridors
Lair:2:   layout_loops_ring, dummy_snake_entry, nicolae_lair_liquid_snakes
Lair:3:   layout_regular_city, nicolae_swamp_entry_spooky, minmay_holes

Skill      XL: |  1  2  3  4  5  6  7  8  9 10 11 12 |
---------------+-------------------------------------+-----
Ranged Weapons | 5 6 8 10 11 13 15 16 | 16.0
Fighting       | 3 4 6 8 9 10 | 10.0
Armour         | 3 4 5 |  5.3
Dodging        | 2 3 4 5 |  5.2
Invocations    | 1 4 |  4.3
Stealth        | |  1.1

Action                     |  1- 3 |  4- 6 |  7- 9 | 10-12 || total
---------------------------+-------+-------+-------+-------++-------
   Fire: Shortbow          |    92 |   102 |    84 |       ||   278
         Orcbow            |       |       |   200 |   606 ||   806
 Invoke: Heroism           |       |       |     5 |    29 ||    34
    Use: Scroll            |     3 |     5 |     8 |     8 ||    24
         Potion            |     2 |     1 |     2 |     4 ||     9
 Armour: Leather armour    |    15 |    44 |    29 |       ||    88
         Ring mail         |       |       |    89 |   314 ||   403
  Dodge: Dodged            |    12 |    28 |    81 |   204 ||   325

Table legend:
 A = Non-vault XP
 B = Vault XP
 C = Vault XP percentage of total XP
 D = Non-vault monster count
 E = Vault monster count
 F = Vault count percentage of total count
                 A         B        C        D         E       F
            +---------+---------+-------+---------+---------+-------
      Total |   21747 |    2561 |  10.5 |     216 |      44 |  16.9
            +---------+---------+-------+---------+---------+-------
        D:1 |      37 |       9 |  19.6 |      21 |       5 |  19.2
        D:2 |      18 |       0 |   0.0 |      10 |       0 |   0.0
        D:3 |      99 |      40 |  28.8 |      21 |       4 |  16.0
        D:4 |     567 |       0 |   0.0 |      26 |       0 |   0.0
        D:5 |    1043 |     511 |  32.9 |      17 |       8 |  32.0
        D:6 |     744 |       0 |   0.0 |      14 |       0 |   0.0
        D:7 |    1325 |       0 |   0.0 |      27 |       0 |   0.0
        D:8 |    2118 |     958 |  31.1 |      22 |      19 |  46.3
     Lair:1 |    9677 |       0 |   0.0 |      33 |       0 |   0.0
     Lair:2 |    1601 |     349 |  17.9 |       7 |       7 |  50.0
     Lair:3 |    4518 |     694 |  13.3 |      18 |       1 |   5.3
            +---------+---------+-------+---------+---------+-------
